 Dungeon Crawl Stone Soup version 0.29.1-4-g47bece8355 (webtiles) character file.

Game seed: 6249670344726943686

2195 fantasyman the Destroyer (level 9, -4/97 HPs)
             Began as a Gnoll Conjurer on Dec 5, 2022.
             Was a Believer of Vehumet.
             Slain by a gnoll
             ... wielding a +0 hand axe
              (5 damage)
             ... in a bailey.
             The game lasted 00:16:21 (7989 turns).

fantasyman the Destroyer (Gnoll Conjurer)           Turns: 7989, Time: 00:16:21

Health: -4/97      AC:  9    Str:  6 (7)  XL:     9   Next: 34%
Magic:  2/19       EV: 14    Int: 20 (21) God:    Vehumet [**....]
Gold:   55         SH:  0    Dex: 11      Spells: 14/21 levels left

rFire   . . .      SeeInvis +   g - +2 spear (flame)
rCold   . . .      Faith    +   (no shield)
rNeg    . . .      Spirit   .   a - +0 robe
rPois   .          Reflect  .   c - +0 helmet
rElec   .          Harm     .   u - +2 cloak
rCorr   .          Rampage  .   e - +2 pair of gloves
Will    +....      Rage     3%  (no boots)
Stlth   ..........              q - amulet of faith
HPRegen 0.26/turn               f - ring of see invisible
MPRegen 0.16/turn               v - ring of willpower

@: brilliant, berserking, very slightly contaminated, invisible, quick
A: fangs 1, strong nose, distributed training, berserk 1, deterioration 1
a: Renounce Religion


You were in a bailey.
You worshipped Vehumet.
Vehumet was pleased with you.
You visited 1 branch of the dungeon, and saw 8 of its levels.
You also visited: Bailey.

You collected 355 gold pieces.
You spent 300 gold pieces at shops.

Inventory:

Hand Weapons
 g - a +2 spear of flaming (weapon)
 B - a +4 spear of freezing
Armour
 a - a +0 robe (worn)
 c - a +0 helmet (worn)
 e - a +2 pair of gloves (worn)
 r - a +1 cloak
 u - a +2 cloak (worn)
Jewellery
 f - a ring of see invisible (left hand)
 l - an amulet of magic regeneration
 q - an amulet of faith (around neck)
 v - a ring of willpower (right hand)
Wands
 h - a wand of paralysis (10)
 o - a wand of iceblast (12)
Scrolls
 d - 4 scrolls of teleportation
Potions
 b - a potion of magic
 k - a potion of lignification
 m - a potion of invisibility
 p - 4 potions of curing
 x - 2 potions of might


   Skills:
 + Level 4.3 Fighting
 + Level 4.3 Short Blades
 + Level 4.3 Long Blades
 + Level 4.3 Axes
 + Level 4.3 Maces & Flails
 + Level 4.3 Polearms
 + Level 4.3 Staves
 + Level 4.3 Ranged Weapons
 + Level 4.3 Throwing
 + Level 4.3 Armour
 + Level 6.3 Dodging
 + Level 6.1 Stealth
 + Level 4.3 Shields
 + Level 4.3 Unarmed Combat
 + Level 6.7 Spellcasting
 + Level 8.0 Conjurations
 + Level 3.5 Hexes
 + Level 3.5 Summonings
 + Level 3.5 Necromancy
 + Level 3.5 Translocations
 + Level 3.5 Transmutations
 + Level 3.5 Fire Magic
 + Level 3.5 Ice Magic
 + Level 3.5 Air Magic
 + Level 3.5 Earth Magic
 + Level 3.5 Poison Magic
 + Level 4.7 Invocations
 + Level 4.3 Evocations


You had 14 spell levels left.
You knew the following spells:

 Your Spells              Type           Power      Damage    Failure   Level
a - Magic Dart            Conj           100%       1d8       1%          1
b - Searing Ray           Conj           100%       2d8       1%          2
c - Fulminant Prism       Conj/Hex       22%        3d13      9%          4

Your spell library contained the following spells:

 Spells                   Type           Power      Damage    Failure   Level
 Sandblast                Erth           62%        2d14      2%          1
 Dazzling Flash           Conj/Hex       88%        N/A       2%          3
 Tukima's Dance           Hex            31%        N/A       7%          3
 Iskenderun's Mystic Bla  Conj/Tloc      44%        2d10      9%          4
 Passage of Golubria      Tloc           31%        N/A       22%         4
 Yara's Violent Unravell  Hex/Tmut       15%        3d8       54%         5


Dungeon Overview and Level Annotations

Branches:
Dungeon (8/15)             Temple (0/1) D:6          Bailey (1/1)
   Lair: D:8-11

Altars:
Cheibriados
Dithmenos
Elyvilon
Gozag
Hepliaklqana
Ru
Sif Muna
Trog
Vehumet
The Shining One

Shops:
D:6 :

Annotations:
D:8 Psyche


Innate Abilities, Weirdness & Mutations

You have very sharp teeth.
Your uncanny sense of smell can sniff out nearby items.
Your experience applies equally to all skills.
You sometimes lose your temper in combat.
Your body sometimes deteriorates upon taking damage.


Message History

The human hits your fulminant prism with a +1 vorpal hand axe!
Your fulminant prism detonates feebly.
The human hits you with a +0 war axe!
Casting: Fulminant Prism (dangerous; 9% risk of failure)
Confirm with . or Enter, or press ? or * to list all spells.
You don't have enough magic to cast this spell.
The human attacks as you move away!
The human hits you with a +1 vorpal hand axe.
* * * LOW HITPOINT WARNING * * *
The human attacks as you move away! The human hits you with a +0 war axe.
* * * LOW HITPOINT WARNING * * *
The human hits you but does no damage.
A hobgoblin comes into view. It is wielding a +0 hand axe.
You fade into invisibility!
The human closely misses you.
A human comes into view. It is wielding a +2 vorpal hand axe.
You feel clever all of a sudden. The human closely misses you.
The human hits you with a +0 war axe!
* * * LOW HITPOINT WARNING * * *
The human barely misses you.
Blink to where?
Press: ? - help, Dir - move target Splash!
You fall into the shallow water.
Moving in this stuff is going to be slow. ...and don't expect to remain undetected.
A gnoll comes into view. It is wielding a +0 hand axe.
As you read the scroll of blinking, it crumbles to dust.
The gnoll shouts!
It was a potion of berserk rage.
A red film seems to cover your vision as you go berserk!
You feel yourself moving faster!
You feel mighty!
A human comes into view. It is wielding a +0 war axe.
You feel a strong urge to attack something.
The gnoll hits you but does no damage.
You hit the human but do no damage. The human hits you with a +0 war axe!
* * * LOW HITPOINT WARNING * * *
Your unstable footing causes you to fumble your attack.
The gnoll hits you with a +0 hand axe.
You die...

#..p..#
#.∩.∩.#
#..p..#
####.p.##
##~~#p#'#
#~~~gg#o..
#~~~~~#..o#
#~~~~~#...#
##@g~##...#
##p####..#
... ..#
....# ...##
...# ..##
#.#


You could see 4 humans, 2 gnolls and a hobgoblin.

Vanquished Creatures
  4 yaks
  An ice beast (D:6)
  A sky beast (D:7)
  2 black bears
  3 ogres
  A bullfrog (Bailey)
  A necrophage (D:5)
  A scorpion (D:4)
  A howler monkey (D:4)
  2 gnoll boudas
  7 hounds
  5 iguanas
  Jessica (D:2)
  An orc wizard (D:5)
  Robin (D:2)
  12 gnolls
  5 adders
  A shadow imp (D:7)
  A white imp (D:7)
  2 ufetubi
  4 dart slugs
  15 orcs
  5 bats
  5 endoplasms
  5 giant cockroaches
  11 goblins
  16 hobgoblins
  5 kobolds
  6 quokkas
  11 ball pythons
  2 frilled lizards
  8 rats
146 creatures vanquished.

Vanquished Creatures (others)
  8 fulminant prisms
  25 plants (D:5)
33 creatures vanquished.

Grand Total: 179 creatures vanquished

Notes
Turn   | Place    | Note
-------+----------+-------------------------------------------
     0 | D:1      | fantasyman the Gnoll Conjurer began the quest for the Orb.
     0 | D:1      | Reached XP level 1. HP: 13/13 MP: 6/6
   254 | D:1      | Reached XP level 2. HP: 19/19 MP: 4/7
   257 | D:1      | Learned a level 2 spell: Searing Ray
   717 | D:1      | Reached skill level 5 in Spellcasting
   717 | D:1      | Reached XP level 3. HP: 25/25 MP: 5/9
  1054 | D:1      | Reached skill level 1 in Invocations
  1150 | D:2      | Noticed Jessica
  1156 | D:2      | Killed Jessica
  1157 | D:2      | Reached skill level 1 in Fighting
  1157 | D:2      | Reached skill level 1 in Short Blades
  1157 | D:2      | Reached skill level 1 in Long Blades
  1157 | D:2      | Reached skill level 1 in Axes
  1157 | D:2      | Reached skill level 1 in Maces & Flails
  1157 | D:2      | Reached skill level 1 in Polearms
  1157 | D:2      | Reached skill level 1 in Staves
  1157 | D:2      | Reached skill level 1 in Ranged Weapons
  1157 | D:2      | Reached skill level 1 in Throwing
  1157 | D:2      | Reached skill level 1 in Armour
  1157 | D:2      | Reached skill level 1 in Shields
  1157 | D:2      | Reached skill level 1 in Unarmed Combat
  1157 | D:2      | Reached skill level 1 in Evocations
  1157 | D:2      | Reached XP level 4. HP: 32/32 MP: 3/11
  1571 | D:2      | Reached skill level 1 in Hexes
  1571 | D:2      | Reached skill level 1 in Summonings
  1571 | D:2      | Reached skill level 1 in Necromancy
  1571 | D:2      | Reached skill level 1 in Translocations
  1571 | D:2      | Reached skill level 1 in Transmutations
  1571 | D:2      | Reached skill level 1 in Fire Magic
  1571 | D:2      | Reached skill level 1 in Ice Magic
  1571 | D:2      | Reached skill level 1 in Air Magic
  1571 | D:2      | Reached skill level 1 in Earth Magic
  1571 | D:2      | Reached skill level 1 in Poison Magic
  2015 | D:2      | Identified the +1 ring mail "Erhiryid" {rPois Str+2 SInv}
  2094 | D:2      | Noticed Robin
  2121 | D:1      | Reached XP level 5. HP: 17/37 MP: 0/12
  2680 | D:2      | Killed Robin
  2765 | D:2      | Found a faded altar of an unknown god.
  2783 | D:2      | Found a faded altar of an unknown god.
  3282 | D:3      | Found a radiant altar of Vehumet.
  3473 | D:3      | Became a worshipper of Vehumet
  3878 | D:4      | Noticed an ogre
  3886 | D:4      | Killed an ogre
  3887 | D:4      | Reached XP level 6. HP: 44/44 MP: 6/13
  3908 | D:4      | Reached skill level 5 in Dodging
  4903 | D:4      | Reached XP level 7. HP: 50/50 MP: 8/15
  5209 | D:4      | Learned a level 4 spell: Fulminant Prism
  5220 | D:5      | Entered Level 5 of the Dungeon
  5441 | D:5      | Reached * piety under Vehumet
  5441 | D:5      | Offered knowledge of Foxfire by Vehumet.
  5479 | D:5      | Reached skill level 5 in Stealth
  5836 | D:5      | Reached XP level 8. HP: 50/58 MP: 2/16
  5970 | D:5      | Found a shimmering blue altar of Sif Muna.
  5971 | D:5      | Found an opulent altar of Gozag.
  5972 | D:5      | Found a hazy altar of Hepliaklqana.
  6098 | D:5      | Found a snail-covered altar of Cheibriados.
  6318 | D:6      | Found a staircase to the Ecumenical Temple.
  6652 | D:6      | Found a bloodstained altar of Trog.
  6712 | D:6      | Found a sacrificial altar of Ru.
  6712 | D:6      | Found a glowing golden altar of the Shining One.
  6713 | D:6      | Found a shadowy altar of Dithmenos.
  6726 | D:6      | Found a white marble altar of Elyvilon.
  7022 | D:6      | Found Wokhlus's Book Emporium.
  7027 | D:6      | Bought Great Wizards, Vol. VII for 300 gold pieces
  7305 | D:7      | Found a flagged portal.
  7308 | D:7      | Noticed a yak
  7309 | D:7      | Noticed a yak
  7310 | D:7      | Offered knowledge of Sandblast by Vehumet.
  7310 | D:7      | Reached ** piety under Vehumet
  7312 | D:7      | Noticed a yak
  7313 | D:7      | Noticed a yak
  7341 | D:8      | Killed a yak
  7342 | D:8      | Noticed Psyche
  7505 | D:7      | Killed a yak
  7506 | D:7      | Reached XP level 9. HP: 28/65 MP: 9/18
  7510 | D:7      | Reached skill level 8 in Conjurations
  7548 | Bailey   | Entered a bailey
  7925 | Bailey   | Gained mutation: You sometimes lose your temper in combat.
                  | [potion of mutation]
  7925 | Bailey   | Gained mutation: You passively dampen the noise of your
                  | surroundings. [potion of mutation]
  7925 | Bailey   | Gained mutation: You are agile. (Dex +4, Str/Int -1)
                  | [potion of mutation]
  7926 | Bailey   | Lost mutation: You sometimes lose your temper in combat.
                  | [potion of mutation]
  7926 | Bailey   | Lost mutation: You are agile. (Dex +4, Str/Int -1) [potion
                  | of mutation]
  7926 | Bailey   | Lost mutation: You passively dampen the noise of your
                  | surroundings. [potion of mutation]
  7926 | Bailey   | Gained mutation: Your body sometimes deteriorates upon
                  | taking damage. [potion of mutation]
  7926 | Bailey   | Gained mutation: You are weak. (Str -2) [potion of
                  | mutation]
  7926 | Bailey   | Gained mutation: You sometimes lose your temper in combat.
                  | [potion of mutation]
  7926 | Bailey   | Lost mutation: You are weak. (Str -2) [potion of mutation]
  7988 | Bailey   | HP: 1/97 [human/+0 war axe (15)]
  7989 | Bailey   | Slain by a gnoll

Illustrated notes

Levels and vault maps discovered:
D:1:      wheals_arrival_shading, layout_basic
D:2:      layout_rooms, hellmonk_ecumenical_altar_the_god_not_taken, uniq_robin,
          uniq_jessica
D:3:      layout_basic, mainiacjoe_overflow_alcove_1
D:4:      layout_basic
D:5:      layout_rooms, kennysheep_slug_shrine, grunt_temple_overflow_open,
          enter_ossuary_2, serial_bayou, serial_bayou_pond_e,
          serial_bayou_lake_a, serial_bayou_crossing, serial_bayou_shore_a
D:6:      layout_rooms, trog_three_pillars_becter,
          nicolae_overflow_quartered_altars, minmay_temple_entry_stoned_glass,
          serial_shops, kennysheep_little_box
D:7:      layout_basic, enter_bailey_2
D:8:      minmay_bloctagon_deflated, layout_loops_ring, erik_lair_island,
          hangedman_abyss_or_decor_lesser_grid, uniq_psyche
Bailey:   bailey_axe_froggy_fort_hellmonk, bailey

Skill      XL: |  1  2  3  4  5  6  7  8  9 |
---------------+----------------------------+-----
Spellcasting   | 5 6 |  6.7
Invocations    | 1 2 3 4 |  4.7
Fighting       | 1 2 3 4 |  4.3
Short Blades   | 1 2 3 4 |  4.3
Long Blades    | 1 2 3 4 |  4.3
Axes           | 1 2 3 4 |  4.3
Maces & Flails | 1 2 3 4 |  4.3
Polearms       | 1 2 3 4 |  4.3
Staves         | 1 2 3 4 |  4.3
Ranged Weapons | 1 2 3 4 |  4.3
Throwing       | 1 2 3 4 |  4.3
Armour         | 1 2 3 4 |  4.3
Shields        | 1 2 3 4 |  4.3
Unarmed Combat | 1 2 3 4 |  4.3
Evocations     | 1 2 3 4 |  4.3
Hexes          | 1 2 3 |  3.5
Summonings     | 1 2 3 |  3.5
Necromancy     | 1 2 3 |  3.5
Translocations | 1 2 3 |  3.5
Transmutations | 1 2 3 |  3.5
Fire Magic     | 1 2 3 |  3.5
Ice Magic      | 1 2 3 |  3.5
Air Magic      | 1 2 3 |  3.5
Earth Magic    | 1 2 3 |  3.5
Poison Magic   | 1 2 3 |  3.5
Dodging        | 5 6 |  6.3
Stealth        | 5 6 |  6.1
Conjurations   | 8 |  8.0

Action                   |  1- 3 |  4- 6 |  7- 9 || total
-------------------------+-------+-------+-------++-------
Melee: Unarmed           |       |     6 |       ||     6
       Bite              |       |     1 |    10 ||    11
       Spear             |       |       |    39 ||    39
       Punch             |       |       |     2 ||     2
 Cast: Magic Dart        |    50 |   116 |    60 ||   226
       Searing Ray       |       |     8 |    29 ||    37
       Fulminant Prism   |       |       |     8 ||     8
  Use: Scroll            |       |    10 |    11 ||    21
       Potion            |       |       |     5 ||     5
Armor: Robe              |       |     4 |    37 ||    41
Dodge: Dodged            |     2 |    33 |    63 ||    98
